 Dungeon Crawl Stone Soup version 0.29.1-12-g30fa7ad0bf (webtiles) character file.

Game seed: 4570043356594206596

248366 mortz the Slayer (level 19, -2/147 HPs)
             Began as a Gargoyle Monk on Dec 15, 2022.
             Was the Champion of Lugonu.
             Killed from afar by an ironbound frostheart (38 damage)
             ... by creeping frost
             ... on level 1 of the Vaults on Dec 17, 2022.
             The game lasted 04:36:04 (36422 turns).

mortz the Slayer (Gargoyle Monk)                   Turns: 36422, Time: 04:36:04

Health: -2/147     AC: 56    Str: 30    XL:     19   Next: 56%
Magic:  30/30      EV:  9    Int: 16    God:    Lugonu [******]
Gold:   2329       SH: 10    Dex: 12    Spells: 18/18 levels left

rFire   + + .      SeeInvis +   a - +9 morningstar (distort)
rCold   + . .      Faith    .   W - +3 warlock's mirror {reflect}
rNeg    + . .      Spirit   .   i - +1 crystal plate armour
rPois   ∞          Reflect  +   D - +2 helmet "Puemeresk" {Will+}
rElec   +          Harm     .   Y - scarf {rC+ rF+}
rCorr   .          Rampage  .   A - +2 pair of gloves {Str+3}
Will    ++...                   O - +2 pair of boots of Virtue {rPois rF+ Str+4 Int+5}
Stlth   ..........              E - amulet of Vanity {Contam +Inv rPois Regen+ SInv}
HPRegen 1.14/turn               Z - +4 ring of protection
MPRegen 0.22/turn               e - +4 ring of protection

@: marked, flying, studying Stealth
A: sickness immunity, AC +14, big wings, negative energy resistance 1,
electricity resistance, torment resistance 1, petrification resistance
}: 2/15 runes: barnacled, gossamer
a: Renounce Religion, Evoke Invisibility, Depart the Abyss, Bend Space, Banish,
Corrupt, Enter the Abyss


You were on level 1 of the Vaults.
You worshipped Lugonu.
Lugonu was exalted by your worship.
You visited 6 branches of the dungeon, and saw 31 of its levels.
You visited the Abyss 1 time.
You also visited: Bailey, Gauntlet and Ice Cave.

You collected 3894 gold pieces.
You spent 1565 gold pieces at shops.

Inventory:

Hand Weapons
 a - a +9 morningstar of distortion (weapon)
 b - a +0 war axe of freezing
Missiles
 q - 28 poisoned darts (quivered)
 r - 3 boomerangs of dispersal
 I - 3 throwing nets
 J - 16 silver javelins
Armour
 h - the +1 scale mail "Xummiuti" {rF++ Will+ Str-4 SInv}
   (You found it in a Gauntlet)

   Str:       It affects your strength (-4).
   rF:        It greatly protects you from fire.
   SInv:      It lets you see invisible.
   Will:      It increases your willpower.
 i - a +1 crystal plate armour (worn)
 A - a +2 pair of gloves of strength (worn)
 D - the +2 helmet "Puemeresk" (worn) {Will+}
   (You found it in a Gauntlet)

   Will:      It increases your willpower.
 O - the +2 pair of boots of Virtue (worn) {rPois rF+ Str+4 Int+5}
   (You acquired it on level 1 of the Spider Nest)

   Str:       It affects your strength (+4).
   Int:       It affects your intelligence (+5).
   rF:        It protects you from fire.
   rPois:     It protects you from poison.
 W - the +3 warlock's mirror (worn) {reflect}
   (You acquired it on level 11 of the Dungeon)

   It can block and reflect piercing ranged attacks and magical attacks against
   the wielder's willpower.
 Y - a scarf of resistance (worn)
Magical Staves
 w - a staff of death
Jewellery
 e - a +4 ring of protection (right hand)
 m - a +6 ring of strength
 o - a ring of resist corrosion
 B - a ring of protection from cold
 E - the amulet of Vanity (around neck) {Contam +Inv rPois Regen+ SInv}
   (You found it on level 1 of the Lair of Beasts)

   [amulet of regeneration]

   rPois:     It protects you from poison.
   SInv:      It lets you see invisible.
   +Inv:      It lets you turn invisible.
   Contam:    It causes magical contamination when unequipped.
   Regen:     It increases your rate of health regeneration.
 S - the ring of Wisdom {rElec rN+ Int+5}
   (You found it on level 1 of the Lair of Beasts)

   [ring of positive energy]

   Int:       It affects your intelligence (+5).
   rElec:     It insulates you from electricity.
   rN:        It protects you from negative energy.
 Z - a +4 ring of protection (left hand)
Wands
 n - a wand of mindburst (36)
 H - a wand of flame (49)
 M - a wand of digging (7)
 Q - a wand of light (7)
 U - a wand of charming (7)
 V - a wand of roots (21)
 X - a wand of polymorph (14)
Scrolls
 g - 14 scrolls of teleportation
 s - 2 scrolls of brand weapon
 t - a scroll of summoning
 u - 2 scrolls of enchant weapon
 y - 3 scrolls of torment
 z - a scroll of magic mapping
 G - 4 scrolls of butterflies
 L - 6 scrolls of poison
 N - 2 scrolls of immolation
Potions
 c - 6 potions of ambrosia
 d - 2 potions of might
 j - 10 potions of curing
 k - a potion of cancellation
 l - 5 potions of brilliance
 p - 2 potions of resistance
 v - a potion of attraction
 x - 5 potions of heal wounds
 C - 6 potions of berserk rage
 F - 9 potions of mutation
 P - a potion of haste
 T - 3 potions of invisibility
Miscellaneous
 f - a condenser vane
 K - a phantom mirror
 R - a box of beasts


   Skills:
 * Level 25.5 Fighting
 - Level 16.0 Maces & Flails
 + Level 13.4 Armour
 + Level 9.6 Dodging
 - Level 2.2 Stealth
 + Level 13.9 Shields
 - Level 14.6 Invocations


You had 18 spell levels left.
You didn't know any spells.
Your spell library contained the following spells:

 Spells                   Type           Power      Damage    Failure   Level
 Freeze                   Ice            0%         1d3       99%         1
 Necrotise                Necr           0%         1d4       99%         1
 Sandblast                Erth           0%         2d4       99%         1
 Shock                    Conj/Air       0%         1d3       99%         1
 Slow                     Hex            0%         N/A       99%         1
 Sting                    Tmut/Pois      0%         1d3       99%         1
 Passwall                 Tmut/Erth      0%         N/A       100%        2
 Poisonous Vapours        Pois/Air       0%         N/A       100%        2
 Static Discharge         Conj/Air       0%         3-3/arc   100%        2
 Confusing Touch          Hex            0%         N/A       100%        3
 Frozen Ramparts          Ice            0%         1d1       100%        3
 Ozocubu's Armour         Ice            0%         N/A       100%        3
 Stone Arrow              Conj/Erth      0%         3d7       100%        3
 Summon Guardian Golem    Hex/Summ       0%         N/A       100%        3
 Swiftness                Air            0%         N/A       100%        3
 Vampiric Draining        Necr           0%         2d6       100%        3
 Airstrike                Air            0%         2d(0-16)  100%        4
 Dispel Undead            Necr           0%         3d6       100%        4
 Fulminant Prism          Conj/Hex       0%         3d6       100%        4
 Hailstorm                Conj/Ice       0%         3d3       100%        4
 Iskenderun's Mystic Bla  Conj/Tloc      0%         2d3       100%        4
 Olgreb's Toxic Radiance  Pois           0%         N/A       100%        4
 Sticky Flame             Conj/Fire      0%         2d3       100%        4
 Agony                    Necr           0%         N/A       100%        5
 Alistair's Intoxication  Tmut/Pois      0%         N/A       100%        5
 Blade Hands              Tmut           0%         N/A       100%        5
 Borgnjor's Vile Clutch   Necr/Erth      0%         N/A       100%        5
 Irradiate                Conj/Tmut      0%         3d11      100%        5
 Lee's Rapid Deconstruct  Erth           0%         3d5*      100%        5
 Summon Forest            Summ/Tloc      0%         N/A       100%        5
 Summon Mana Viper        Hex/Summ       0%         N/A       100%        5
 Eringya's Noxious Bog    Tmut/Pois      0%         N/A       100%        6
 Summon Cactus Giant      Summ           0%         N/A       100%        6
 Dragon Form              Tmut           0%         N/A       100%        7
 Malign Gateway           Summ/Tloc      0%         N/A       100%        7
 Orb of Destruction       Conj           0%         9d5       100%        7
 Ozocubu's Refrigeration  Ice            0%         4d7       100%        7
 Spellforged Servitor     Conj/Summ      0%         N/A       100%        7
 Summon Horrible Things   Summ           0%         N/A       100%        8


Dungeon Overview and Level Annotations

Branches:
Dungeon (15/15) Zot: 24876  Temple (0/1) D:5            Lair (5/5) D:11 Zot: 23571
 Shoals (4/4) Lair:2 Zot: 17842  Spider (4/4) Lair:3 Zot: 19564   Slime (0/5) Lair:5
    Orc (2/2) D:10 Zot: 10553     Elf (0/3) Orc:2        Vaults (1/5) D:14 Zot: 5778
 Depths (0/4) D:15         Bailey (visited)           IceCv (visited)
Gauntlet (visited)

Altars:
Ashenzari
Cheibriados
Dithmenos
Fedhas
Gozag
Makhleb
Okawaru
The Shining One
Lugonu

Shops:
D:5 !   D:6 ?[(!*   D:11 :*[[?   D:13 :   Orc:2 [*?:

Portals:
Abyss: D:4

Annotations:
D:14 3 runed translucent doors, exclusion: 2 doors, Cown's ghost, journeyman TrHu
Shoals:1 Roxanne
Abyss:1 Aizul; Bai Suzhen; Louise; Mara; Urug


Innate Abilities, Weirdness & Mutations

You are immune to sickness and miasma.
Your stone body is resilient. (AC +14)
You are immune to poison.
Your large and strong wings let you fly.
You resist negative energy. (rN+)
You are resistant to electric shocks. (rElec)
You are resistant to unholy torment.
You are immune to petrification.


Message History

The deep troll claws you! The vault sentinel barely misses you.
You closely miss the vault sentinel.
The vault sentinel is almost dead.
The vault sentinel blows a loud note on a signal horn!
The deep troll closely misses you. The deep troll claws you!
You sock the vault sentinel!
You kill the vault sentinel!
Lugonu accepts your kill.
You impale the ironbound preserver!!
The ironbound preserver is moderately wounded.
The ironbound preserver blinks!
The deep troll bites you. The deep troll claws you!
You impale the deep troll!!
Space warps around the deep troll.
The deep troll is heavily wounded.
The deep troll bites you. The deep troll barely misses you.
The deep troll claws you. x2; The deep troll closely misses you.
The deep troll claws you!
* * * LOW HITPOINT WARNING * * *
The ironbound preserver gestures wildly while chanting.
The ironbound preserver begins to accept its allies' injuries.
Okay, then.
The deep troll attacks as you move away!
A dire elephant comes into view.
The deep troll attacks as you move away!
The deep troll barely misses you. x2
The deep troll attacks as you move away!
The deep troll closely misses you.
The deep troll attacks as you move away!
The deep troll completely misses you. The deep troll bites you!
* * * LOW HITPOINT WARNING * * *
The deep troll completely misses you.
The ironbound preserver gestures wildly while chanting.
The ironbound preserver begins to accept its allies' injuries.
The deep troll attacks as you move away!
The deep troll attacks as you move away!
The deep troll attacks as you move away!
The deep troll barely misses you.
The ironbound frostheart calls freezing cold from the walls.
The frost grips you!!! You partially resist.
You die...

#.........#....########
#.........'....#
###########....# #....#
#....# #....# #....#
########....#
..........@#
........Y.T#
#+#.....Tp.# #.......T#
#.......T# #........#
#........# #........#
#).)...p.#


You could see a dire elephant, an ironbound frostheart (sheltered) and 4 deep
trolls.

Vanquished Creatures
  Jorgrun (Orc:1)
  2 krakens
  Gastronok (Lair:2)
  Polyphemus (Shoals:2)
  Ilsuiw (Shoals:2)
  3 emperor scorpions
  3 ghost moths (Spider:4)
  A quicksilver ooze (Gauntlet)
  A stone giant (D:15)
  2 ironbound preservers (D:14)
  A broodmother (Spider:4)
  Azrael (Orc:2)
  2 entropy weavers
  A minotaur (Gauntlet)
  Snorg (D:11)
  10 merfolk impalers
  A fire dragon (Lair:5)
  A yaktaur captain (Vaults:1)
  4 merfolk javelineers
  Josephine (Lair:4)
  A great orb of eyes (Vaults:1)
  7 ice dragons
  A catoblepas (Shoals:2)
  10 hydras
  2 boulder beetles
  2 ogre magi
  10 two-headed ogres
  3 alligator snapping turtles (Shoals:4)
  14 centaur warriors
  A merfolk avatar (Shoals:2)
  The ghost of Ghostmaker01 the Cleaver, a novice MiFi of Trog (Lair:1)
  4 radroaches
  4 satyrs
  4 death yaks (Shoals:2)
  An orc high priest (Orc:1)
  6 merfolk aquamancers
  A tengu warrior (D:13)
  A skeletal warrior (D:14)
  Lodul (D:10)
  6 sea snakes
  A steelbarb worm (Spider:2)
  A pharaoh ant (Spider:1)
  4 orb spiders
  4 bog bodies (Shoals:4)
  11 deep trolls
  6 harpies
  An orange crystal statue (IceCv)
  A lindwurm (Lair:5)
  2 deep elf pyromancers
  A necromancer (Vaults:1)
  2 wizards (D:15)
  Pikel (D:6)
  A harpy (shapeshifter) (D:13)
  An orc knight (D:15)
  An orc sorcerer (Orc:2)
  16 wolf spiders
  2 human zombies (Vaults:1)
  A tengu skeleton (Vaults:1)
  10 moths of wrath
  An oklob plant (D:11)
  18 fauns
  10 manticores
  19 ugly things
  9 cyclopes
  21 elephants
  4 centaur zombies (D:14)
  A fire giant skeleton (Vaults:1)
  A vault sentinel (Vaults:1)
  Joseph (D:9)
  4 torpor snails
  11 merfolk sirens
  7 molten gargoyles
  8 black mambas
  Maurice (D:9)
  3 water nymphs
  4 storm dragon simulacra (IceCv)
  An eye of devastation (Lair:5)
  6 cane toads
  2 gargoyles
  2 kobold demonologists
  An unseen horror (D:11)
  5 demonic crawlers
  2 rime drakes
  2 golden dragon simulacra (IceCv)
  12 komodo dragons
  3 freezing wraiths (D:15)
  A harpy zombie (D:14)
  16 trolls
  A burning bush (Lair:5)
  7 meliai
  A polar bear (Lair:1)
  A hornet (D:11)
  26 merfolk
  5 wind drakes
  7 dream sheep
  13 snapping turtles
  27 tarantellas
  17 blink frogs
  23 slime creatures
  A meliai zombie (D:14)
  14 jumping spiders
  27 yaks
  16 culicivoras
  2 vampires
  A spriggan (D:11)
  6 shadows
  5 wraiths
  5 wyverns
  4 fire elementals (Orc:2)
  6 basilisks
  3 water elementals
  3 steam dragons
  4 wargs
  74 redbacks
  3 acid dragons
  A two-headed ogre zombie (D:10)
  Edmund (D:4)
  A floating eye (Lair:5)
  9 water moccasins
  5 hell hounds
  A black bear (shapeshifter) (D:15)
  6 black bears (Lair:3)
  30 orc warriors
  An ice beast (D:8)
  6 ice dragon simulacra (IceCv)
  30 ogres
  6 wolves (Lair:2)
  2 boggarts
  17 centaurs
  3 phantoms
  13 bullfrogs
  A necrophage (D:7)
  A scorpion (Lair:3)
  A troll zombie (D:10)
  6 killer bees (D:9)
  8 lindwurm simulacra (IceCv)
  11 electric eels
  3 howler monkeys
  2 hounds
  6 lava snakes
  3 jellies
  2 gnoll boudas
  2 iguanas
  14 orc priests
  A boggart zombie (D:14)
  22 orc wizards
  Natasha (thrice) (D:3)
  9 hell rats
  6 ogre zombies (D:10)
  18 gnolls
  3 adders
  A shadow imp (D:7)
  3 white imps
  3 ufetubi (D:7)
  A worm (D:2)
  2 dart slugs
  75 orcs
  6 bats
  2 endoplasms
  5 giant cockroaches
  12 goblins
  10 hobgoblins
  3 jackals (D:5)
  5 kobolds
  2 quokkas (D:3)
  7 ball pythons
  4 frilled lizards
  3 goblin skeletons (D:10)
  2 goblin zombies (D:10)
  4 hobgoblin zombies (D:10)
  2 orc skeletons (D:10)
  14 orc zombies (D:10)
  6 rats
  A bush (Shoals:3)
  7 tentacles
1098 creatures vanquished.

Vanquished Creatures (others)
  A merfolk (Shoals:4)
  A boggart (Vaults:1)
  An orc wizard (Orc:1)
  A demonic plant (D:7)
  25 fungi
  A lurking horror (D:4)
  85 plants
  11 tentacles
  18 withered plants
144 creatures vanquished.

Grand Total: 1242 creatures vanquished

Notes
Turn   | Place    | Note
-------+----------+-------------------------------------------
     0 | D:1      | mortz the Gargoyle Monk began the quest for the Orb.
     0 | D:1      | Reached XP level 1. HP: 14/14 MP: 1/1
   417 | D:1      | Reached XP level 2. HP: 19/19 MP: 2/2
   623 | D:1      | Found a faded altar of an unknown god.
   726 | D:1      | Reached XP level 3. HP: 24/24 MP: 3/3
  1036 | D:2      | Reached skill level 4 in Fighting
  1227 | D:2      | Reached XP level 4. HP: 20/29 MP: 4/4
  1232 | D:2      | Reached skill level 1 in Armour
  1672 | D:3      | Found a broken altar of Ashenzari.
  1702 | D:3      | Reached XP level 5. HP: 30/34 MP: 5/5
  1759 | D:3      | Noticed Natasha
  1782 | D:3      | Killed Natasha
  1888 | D:3      | Reached skill level 5 in Fighting
  1916 | D:3      | Noticed Natasha
  1929 | D:3      | Killed Natasha
  2022 | D:3      | Reached XP level 6. HP: 38/40 MP: 6/6
  2324 | D:3      | Noticed Natasha
  2337 | D:3      | Killed Natasha
  2468 | D:4      | Reached skill level 5 in Maces & Flails
  2609 | D:4      | Found a one-way gate to the infinite horrors of the Abyss.
  2611 | D:4      | Found a corrupted altar of Lugonu.
  2619 | D:4      | Became a worshipper of Lugonu the Unformed
  2619 | D:4      | Reached * piety under Lugonu
  2619 | D:4      | Reached ** piety under Lugonu
  2722 | D:4      | Noticed Edmund
  2832 | D:4      | Reached *** piety under Lugonu
  2887 | D:4      | Reached skill level 1 in Invocations
  2960 | D:4      | Killed Edmund
  2961 | D:4      | Reached skill level 6 in Fighting
  2961 | D:4      | Reached XP level 7. HP: 22/46 MP: 6/8
  3161 | D:5      | Entered Level 5 of the Dungeon
  3365 | D:5      | Reached XP level 8. HP: 52/52 MP: 8/10
  3505 | D:5      | Reached skill level 7 in Fighting
  3636 | D:5      | Found Vur Pabb's Distillery.
  3744 | D:5      | Found a snail-covered altar of Cheibriados.
  3798 | D:5      | Found a staircase to the Ecumenical Temple.
  4083 | D:6      | Found Tagozuci's Armour Shoppe.
  4196 | D:6      | Found Jad Pyemo's General Store.
  4216 | D:6      | Reached skill level 8 in Fighting
  4226 | D:6      | Noticed Pikel
  4247 | D:6      | Killed Pikel
  4248 | D:6      | Reached skill level 9 in Fighting
  4248 | D:6      | Reached skill level 5 in Invocations
  4248 | D:6      | Reached XP level 9. HP: 58/60 MP: 12/12
  4532 | D:6      | Found a blossoming altar of Fedhas.
  4636 | D:6      | Found Fugirau's Antique Weapon Shoppe.
  4642 | D:6      | Bought a glowing morningstar for 133 gold pieces
  4688 | D:6      | Found Hunereuc's Magic Scroll Emporium.
  4752 | D:6      | Found Nabbajent's Distillery.
  4917 | D:6      | Reached **** piety under Lugonu
  5434 | D:7      | Identified the +0 leather armour of Himumyx {Dex+5}
  5775 | D:7      | Reached skill level 10 in Fighting
  6200 | D:8      | Found a flagged portal.
  6209 | Bailey   | Entered a bailey
  6295 | Bailey   | Reached XP level 10. HP: 56/68 MP: 15/15
  6298 | Bailey   | Reached skill level 11 in Fighting
  6402 | Bailey   | Reached ***** piety under Lugonu
  6524 | Bailey   | Noticed an orc knight
  6539 | Bailey   | Banished an orc knight
  6816 | D:8      | Found Famocy's Book Boutique.
  7389 | D:8      | Found an opulent altar of Gozag.
  7504 | D:9      | Noticed Joseph
  7538 | D:9      | Killed Joseph
  7539 | D:9      | Reached skill level 12 in Fighting
  7665 | D:9      | Identified the +12 long sword "Qurunly" {vorpal, Stlth+}
  7819 | D:9      | Noticed Maurice
  7838 | D:9      | Killed Maurice
  8046 | D:9      | Found a burning altar of Makhleb.
  8102 | D:10     | Entered Level 10 of the Dungeon
  8147 | D:9      | Reached skill level 10 in Invocations
  8243 | D:10     | Found a shadowy altar of Dithmenos.
  8261 | D:10     | Noticed Lodul
  8317 | D:10     | Found a staircase to the Orcish Mines.
  8332 | D:10     | Reached XP level 11. HP: 63/76 MP: 18/18
  8375 | D:10     | Reached skill level 13 in Fighting
  8467 | D:10     | Found an iron altar of Okawaru.
  8876 | D:10     | Killed Lodul
  9411 | D:11     | Found Poam's Book Shoppe.
  9523 | D:11     | Reached skill level 14 in Fighting
  9523 | D:11     | Reached skill level 10 in Maces & Flails
  9576 | D:11     | Found Owubi Obbe's Antique Armour Boutique.
  9750 | D:11     | Found Hapiofah's Magic Scroll Shoppe.
  9758 | D:11     | Bought a scroll of acquirement for 728 gold pieces
  9759 | D:11     | Acquired the +3 warlock's mirror {reflect}
  9759 | D:11     | Found the +3 warlock's mirror {reflect}
  9875 | D:11     | Found Zegiosagua's Antique Armour Emporium.
  9898 | D:11     | Found a staircase to the Lair.
  9904 | D:11     | Noticed an oklob plant
  9914 | D:11     | Killed an oklob plant
 10012 | D:11     | Reached skill level 1 in Shields
 10070 | D:11     | Noticed a two-headed ogre
 10080 | D:11     | Killed a two-headed ogre
 10126 | D:11     | Found Maryodd's Assorted Antiques.
 10134 | D:11     | Bought a fizzy yellow potion for 34 gold pieces
 10135 | D:11     | Bought a potion of heal wounds for 190 gold pieces
 10145 | D:11     | Noticed a two-headed ogre
 10153 | D:11     | Killed a two-headed ogre
 10687 | Lair:1   | Entered Level 1 of the Lair of Beasts
 10741 | Lair:1   | Reached skill level 15 in Fighting
 10745 | Lair:1   | Reached XP level 12. HP: 77/87 MP: 21/21
 10971 | Lair:1   | Found a transporter.
 10981 | Lair:1   | Found a transporter.
 10985 | Lair:1   | Noticed Ghostmaker01's ghost (novice MiFi)
 10987 | Lair:1   | Noticed an eight-headed hydra
 11106 | Lair:1   | Noticed a seven-headed hydra
 11125 | D:11     | Killed a seven-headed hydra
 12048 | Lair:2   | Reached skill level 16 in Fighting
 12321 | Lair:2   | Found a staircase to the Shoals.
 12363 | Lair:2   | Noticed Gastronok
 12376 | Lair:2   | Killed Gastronok
 12377 | Lair:2   | Reached skill level 17 in Fighting
 12418 | Lair:2   | Noticed a boulder beetle
 12432 | Lair:2   | Banished a boulder beetle
 12601 | Lair:2   | Reached skill level 5 in Shields
 13054 | Lair:3   | Reached XP level 13. HP: 96/96 MP: 23/23
 13386 | Lair:3   | Reached ****** piety under Lugonu
 13392 | Lair:3   | Identified a +9 morningstar of distortion (a +9 morningstar
                  | of protection corrupted by Lugonu)
 13392 | Lair:3   | Received a gift from Lugonu
 13415 | Lair:3   | Found a hole to the Spider Nest.
 14265 | Lair:4   | Noticed Josephine
 14277 | Lair:4   | Killed Josephine
 14278 | Lair:4   | Reached skill level 18 in Fighting
 14416 | Lair:4   | Found a gate leading to a gauntlet.
 14424 | Gauntlet | Entered a Gauntlet
 14424 | Gauntlet | Found a transporter.
 14424 | Gauntlet | Found a large runed translucent door.
 14424 | Gauntlet | Found a large runed translucent door.
 14424 | Gauntlet | Found a large runed translucent door.
 14424 | Gauntlet | Found a large runed translucent door.
 14424 | Gauntlet | Found a large runed translucent door.
 14424 | Gauntlet | Found a large runed translucent door.
 14424 | Gauntlet | Found a runed translucent door.
 14424 | Gauntlet | Found a runed translucent door.
 14424 | Gauntlet | Found a large runed translucent door.
 14424 | Gauntlet | Found a large runed translucent door.
 14424 | Gauntlet | Found a large runed translucent door.
 14424 | Gauntlet | Found a large runed translucent door.
 14424 | Gauntlet | Found a large runed translucent door.
 14424 | Gauntlet | Found a large runed translucent door.
 14433 | Gauntlet | Found a transporter.
 14450 | Gauntlet | Found a transporter.
 14454 | Gauntlet | Found a transporter.
 14475 | Gauntlet | Found a transporter.
 14488 | Gauntlet | Found a transporter.
 14492 | Gauntlet | Found a runed translucent door.
 14492 | Gauntlet | Found a runed translucent door.
 14495 | Gauntlet | Noticed a blizzard demon
 14496 | Gauntlet | Found a transporter.
 14500 | Gauntlet | Found a transporter.
 14502 | Gauntlet | Found a runed translucent gate.
 14502 | Gauntlet | Found a runed translucent gate.
 14502 | Gauntlet | Found a runed translucent gate.
 14503 | Gauntlet | Found a large runed translucent door.
 14503 | Gauntlet | Found a large runed translucent door.
 14529 | Gauntlet | Noticed a quicksilver ooze
 14541 | Gauntlet | Found a large runed translucent door.
 14541 | Gauntlet | Found a large runed translucent door.
 14543 | Gauntlet | Found a transporter.
 14543 | Gauntlet | Found a transporter.
 14548 | Gauntlet | Found a transporter.
 14577 | Gauntlet | Found a transporter.
 14698 | Gauntlet | Identified the +2 helmet "Puemeresk" {Will+}
 14736 | Gauntlet | Killed a quicksilver ooze
 14813 | Gauntlet | Identified the +5 mace of Zaoh {flame, *Corrode rElec rN+
                  | Str+8}
 14816 | Gauntlet | Identified the +1 scale mail "Xummiuti" {rF++ Will+ Str-4
                  | SInv}
 14838 | Gauntlet | Noticed a minotaur
 14855 | Gauntlet | Killed a minotaur
 15554 | Lair:5   | Entered Level 5 of the Lair of Beasts
 15601 | Lair:4   | Reached skill level 5 in Armour
 15712 | Lair:5   | Reached skill level 19 in Fighting
 15888 | Lair:5   | Gained mutation: Your large and strong wings let you fly.
                  | [Gargoyle growth]
 15888 | Lair:5   | Reached XP level 14. HP: 91/107 MP: 25/25
 15988 | Lair:5   | Noticed Urug
 16051 | Lair:5   | Reached skill level 20 in Fighting
 16075 | Lair:5   | Banished Urug
 16155 | Lair:5   | Paralysed by a floating eye for 3 turns
 16161 | Lair:5   | Found a staircase to the Slime Pits.
 16672 | Lair:5   | Reached skill level 21 in Fighting
 16724 | Lair:5   | Found a large runed translucent door.
 16724 | Lair:5   | Found a large runed translucent door.
 17385 | Lair:1   | Killed Ghostmaker01's ghost
 17511 | Lair:1   | Identified the amulet of Vanity {Contam +Inv rPois Regen+
                  | SInv}
 17523 | Lair:1   | Identified the ring of Wisdom {rElec rN+ Int+5}
 17603 | D:12     | Noticed Snorg
 17629 | D:11     | Killed Snorg
 18190 | D:12     | Found a glowing golden altar of the Shining One.
 18469 | D:13     | Reached XP level 15. HP: 111/115 MP: 26/26
 18495 | D:13     | Found Qoifitru's Tremendous Tomes.
 19670 | Orc:1    | Entered Level 1 of the Orcish Mines
 20031 | Orc:2    | Entered Level 2 of the Orcish Mines
 20031 | Orc:2    | Found Synuiff's Magic Scroll Shoppe.
 20046 | Orc:2    | Noticed Jorgrun
 20386 | Orc:1    | Reached skill level 5 in Dodging
 20558 | Orc:1    | Reached skill level 22 in Fighting
 20900 | Orc:2    | Found Ystrerick's Book Emporium.
 20903 | Orc:2    | Found Migagu Atzi's General Store.
 20927 | Orc:2    | Found Nerchiaty's Armour Emporium.
 20935 | Orc:2    | Bought the +0 pair of fencer's gloves {Riposte Dex+3} for
                  | 480 gold pieces
 20935 | Orc:2    | Found the +0 pair of fencer's gloves {Riposte Dex+3}
 21018 | Orc:2    | Found a staircase to the Elven Halls.
 21047 | Orc:2    | Noticed Azrael
 21056 | Orc:2    | Killed Azrael
 21350 | Orc:1    | Reached skill level 10 in Shields
 21367 | Orc:1    | Killed Jorgrun
 21590 | D:14     | Reached XP level 16. HP: 115/123 MP: 27/27
 21802 | D:14     | Found a gate to the Vaults.
 22281 | D:14     | Found a runed translucent gate.
 22281 | D:14     | Found a runed translucent gate.
 22281 | D:14     | Found a runed translucent gate.
 22281 | D:14     | Noticed Cown's ghost (journeyman TrHu)
 22346 | D:15     | Entered Level 15 of the Dungeon
 22447 | D:15     | Found a frozen archway.
 22467 | IceCv    | Entered an ice cave
 22550 | IceCv    | Reached skill level 10 in Armour
 22937 | IceCv    | Noticed a golden dragon
 22964 | IceCv    | Banished a golden dragon
 23087 | IceCv    | Identified the amulet "Moqoriro" {Spirit rElec Will+}
 23276 | D:14     | Reached skill level 23 in Fighting
 23727 | D:15     | Found a staircase to the Depths.
 24471 | D:15     | Found a staircase to the Depths.
 24964 | Spider:1 | Entered Level 1 of the Spider Nest
 25052 | Spider:1 | Reached XP level 17. HP: 122/131 MP: 28/28
 25337 | Spider:1 | Acquired the +2 pair of boots of Virtue {rPois rF+ Str+4
                  | Int+5}
 27702 | Spider:4 | Entered Level 4 of the Spider Nest
 28683 | Spider:4 | Reached skill level 24 in Fighting
 28841 | Spider:4 | Reached XP level 18. HP: 138/138 MP: 0/29
 29024 | Spider:4 | Reached skill level 15 in Maces & Flails
 29179 | Spider:4 | Got a gossamer rune of Zot
 29545 | Shoals:1 | Entered Level 1 of the Shoals
 29656 | Shoals:1 | Noticed Roxanne
 30513 | Shoals:2 | Noticed Louise
 30545 | Shoals:2 | Banished Louise
 30715 | Shoals:2 | Identified the +0 ring mail of a bailey {rF++ Will+}
 30827 | Shoals:2 | Noticed Polyphemus
 30868 | Shoals:2 | Killed Polyphemus
 30973 | Shoals:2 | Acquired a manual of Stealth
 31271 | Shoals:2 | Noticed Ilsuiw
 31408 | Shoals:2 | Killed Ilsuiw
 32995 | Shoals:3 | Identified the +2 animal skin "Qomixkiz" {Rampage rF+}
 33109 | Shoals:4 | Entered Level 4 of the Shoals
 33123 | Shoals:4 | Noticed Bai Suzhen
 33511 | Shoals:4 | Noticed Aizul
 33513 | Shoals:4 | Noticed Mara
 33515 | Shoals:4 | Noticed mortz's illusion
 33518 | Shoals:4 | Banished Aizul
 33595 | Abyss:3  | Found a corrupted altar of Lugonu.
 33595 | Abyss:3  | Cast into level 3 of the Abyss (mortz's illusion)
 33598 | Shoals:4 | Escaped the Abyss
 34026 | Shoals:4 | Reached skill level 25 in Fighting
 34026 | Shoals:4 | Reached XP level 19. HP: 139/146 MP: 30/30
 34159 | Shoals:4 | Banished Bai Suzhen
 34701 | Shoals:4 | Got a barnacled rune of Zot
 35432 | Shoals:4 | Noticed mortz's illusion
 35753 | Shoals:4 | Noticed mortz's illusion
 35759 | Shoals:4 | Banished Mara
 35970 | Vaults:1 | Entered Level 1 of the Vaults
 36422 | Vaults:1 | Killed from afar by an ironbound frostheart

Illustrated notes

Levels and vault maps discovered:
D:1:      ncdulo_watergridlock, layout_basic, ebering_ecumenical_altar_mist,
          minmay_split_cup_small
D:2:      layout_basic, kennysheep_generic_room_11
D:3:      layout_basic, mainiacjoe_overflow_chevrons, uniq_natasha
D:4:      layout_loops_ring, serial_glass, glass_columns_a, glass_columns_a,
          amcnicky_altar_lugonu_corruption, uniq_edmund
D:5:      layout_loops_cross, kennysheep_mini_moat, temple_hall, serial_shops,
          shop, minmay_manual_monstrance
D:6:      layout_loops_corners, fedhas_altar_2, serial_shops, kennysheep_mini,
          nicolae_shop_overgrown_old_shop, kennysheep_little_box,
          nicolae_shop_advertising_works [nicolae_subvault_shop_adworks],
          nicolae_stop_n_shop_2, grunt_decor_fettered, corner_web_ring,
          uniq_pikel
D:7:      layout_basic, serial_demonic, serial_demonic_e, serial_demonic_a,
          serial_demonic_b, serial_demonic_b, nicolae_benzene_ring,
          dreamdust_mushroom_princess
D:8:      layout_layer_cave, nicolae_overflow_hidden_temple, serial_shops,
          nicolae_shop_temple_entry_statues_fountains, enter_bailey_2
D:9:      layout_basic, bloody_makhleb, uniq_joseph, uniq_maurice
D:10:     layout_stronghold, zombieorc2_lemuel, hangedman_feature_mirror,
          palyth_stone_intersect, uniq_lodul
D:11:     layout_basic, dpeg_oklobed_lair, serial_shops, nicolae_diamond_shop,
          nicolae_lakefront_shop, nicolae_stop_n_shop_1,
          nicolae_take_the_stairs, nicolae_shop_hallway_stairs,
          water_boxes_lemuel
D:12:     layout_rooms, special_room [special_room_orc],
          nicolae_tso_swordbearing_angel, uniq_snorg
D:13:     layout_irregular_city, kennysheep_donut,
          nicolae_shop_i_like_big_books, roderic_filled_cross
D:14:     layout_roguey, skrybe_vaults_entry_preservation,
          gammafunk_ghost_spectres, serial_undead, serial_undead_f,
          serial_undead_d, serial_undead_b, serial_undead_a,
          small_statue_intersection
D:15:     hangedman_depths_entry_civil_slaughter, layout_loops_ring,
          portal_ice_cave_entry_frozen_things, minivault_8
Lair:1:   wad_woods_04, layout_gridlike, gammafunk_ghost_berserking_beasts
Lair:2:   layout_misc_corridors, minmay_shoals_entry_lonely_mermaid,
          uniq_gastronok
Lair:3:   layout_layer_cave, spider_nest_entry_web_field, beast_lair_carwin_7
Lair:4:   layout_small_grid, gauntlet_entry_generic, st_stairs_8, uniq_josephine
Lair:5:   cheibrodos_lair_end_hotspot, layout_regular_city,
          minmay_slime_entry_eyes, nicolae_quartered_pool_super, evilmike_ambush
          [evilmike_ambush_outer_basic, evilmike_ambush_inner_basic],
          serial_bayou_shore_b, uniq_urug
Shoals:1: layout_shoals, uniq_roxanne
Shoals:2: layout_shoals, uniq_polyphemus, uniq_louise, uniq_ilsuiw
Shoals:3: argonaut_golden_fleece, layout_shoals
Shoals:4: shoals_end_simple, layout_shoals, nicolae_shoals_secluded_bog,
          uniq_bai_suzhen, uniq_mara, uniq_aizul
Spider:1: layout_spider_delve, nicolae_spider_baby_got_redback
Spider:2: layout_spider_delve
Spider:3: layout_chambers, drop_trap, nicolae_spider_spiderdrome
Spider:4: grunt_spider_rune_parallel, guppyfry_spider_mini_3
Orc:1:    layout_caves, nicolae_orc_crystal_geode
Orc:2:    st_orc_open, layout_caves, basic_altar, uniq_jorgrun, uniq_azrael
Vaults:1: vaults_room_pools, nicolae_vaults_network_s, vaults_mumra_chevron,
          v_misc_18, ontoclasm_vaults_loading_screen, nicolae_vaults_what_the_h,
          vaults_room_hallway, nicolae_vaults_asterisk, layout_vaults_omnigrid,
          serial_shops, shop, nicolae_square_shop, nicolae_shop_hallway_plus

Skill      XL: |  1  2  3  4  5  6  7  8  9 10 11 12 13 14 15 16 17 18 19 |
---------------+----------------------------------------------------------+-----
Fighting       | 4 5 6 9 10 12 15 17 19 21 22 23 24 25 | 25.5
Armour         | 1 2 3 4 5 7 9 10 11 12 13 | 13.4
Maces & Flails | 4 5 6 7 8 9 10 11 12 13 14 15 16 | 16.0
Invocations    | 1 3 5 7 10 12 13 14 | 14.6
Shields        | 2 5 7 8 10 11 12 13 | 13.9
Dodging        | 4 5 6 8 9 |  9.6
Stealth        | |  2.2

Action                   |  1- 3 |  4- 6 |  7- 9 | 10-12 | 13-15 | 16-18 | 19-21 || total
-------------------------+-------+-------+-------+-------+-------+-------+-------++-------
Melee: Mace              |   122 |   249 |     3 |       |       |       |       ||   374
       Punch             |       |     2 |     4 |       |       |       |       ||     6
       Flail             |       |       |   129 |       |       |       |       ||   129
       Morningstar       |       |       |   114 |   644 |   980 |  1348 |   235 ||  3321
       Hand axe          |       |       |    32 |       |       |       |       ||    32
       War axe           |       |       |       |       |       |    12 |    84 ||    96
Throw: Boomerang         |    16 |     7 |       |       |       |       |       ||    23
       Dart              |       |    13 |     9 |     7 |    34 |    27 |     1 ||    91
Invok: Banish            |       |       |       |     3 |     1 |       |       ||     4
       Bend Space        |       |       |       |     2 |       |       |     1 ||     3
       Brand Weapon With |       |       |       |       |     1 |       |       ||     1
       Depart the Abyss  |       |       |       |       |       |     1 |       ||     1
Evoke: Box of beasts     |       |       |       |       |       |       |     1 ||     1
       Phantom mirror    |       |       |       |       |       |       |     1 ||     1
  Use: Scroll            |       |     7 |    11 |    11 |     7 |     8 |     1 ||    45
       Potion            |       |       |       |       |     4 |       |     2 ||     6
 Stab: Sleeping          |     1 |       |       |       |       |       |       ||     1
       Petrified         |       |       |       |     1 |       |     1 |       ||     2
       Petrifying        |       |       |       |       |     1 |       |       ||     1
       Distracted        |       |       |       |       |       |     1 |       ||     1
Armor: Robe              |     4 |       |       |       |       |       |       ||     4
       Ring mail         |    13 |       |       |       |       |       |       ||    13
       Scale mail        |    43 |     4 |       |       |     7 |       |       ||    54
       Chain mail        |       |   171 |   257 |   446 |    80 |       |       ||   954
       Crystal plate arm |       |       |       |       |   876 |  1080 |   289 ||  2245
Dodge: Dodged            |    71 |   111 |   129 |   170 |   256 |   390 |   116 ||  1243
Block: Kite shield       |       |       |    16 |    88 |       |       |       ||   104
       Buckler           |       |       |       |   123 |   549 |   616 |   198 ||  1486
       Reflection        |       |       |       |     4 |    32 |    71 |    17 ||   124
       Rpst.: Morningstar |       |       |       |       |    18 |   176 |       ||   194
